 Dungeon Crawl Stone Soup version 0.30-a0-29-g142975f185 (webtiles) character file.

Game seed: 4234359164754451602

1078 ytrimaz the Chopper (level 8, -7/63 HPs)
             Began as a Demonspawn Fighter on Aug 26, 2022.
             Was an Initiate of Ashenzari.
             Mangled by an ogre
             ... wielding a +0 giant spiked club
              (14 damage)
             ... on level 5 of the Dungeon.
             The game lasted 00:04:27 (5086 turns).

ytrimaz the Chopper (Demonspawn Fighter)            Turns: 5086, Time: 00:04:27

Health: -7/63      AC: 13    Str: 19    XL:     8   Next: 8%
Magic:  8/8        EV:  5    Int: 12    God:    Ashenzari [......]
Gold:   158        SH:  4    Dex: 12    Spells: 5/7 levels left

rFire   . . .      SeeInvis .    a - +1 war axe
rCold   . . .      Faith    .    c - +0 buckler
rNeg    . . .      Spirit   .    n - +0 plate armour
rPois   .          Reflect  .    p - +0 helmet
rElec   .          Harm     .    (cloak unavailable)
rCorr   .          Rampage  .    (no gloves)
Will    .....                    j - +0 pair of boots
Stlth   ..........               (no amulet)
HPRegen 0.20/turn                h - ring of flight
MPRegen 0.11/turn                i - +4 ring of slaying

@: flying, studying Stealth
A: big brain 1, weakness stinger 3
a: Renounce Religion


You were on level 5 of the Dungeon.
You worshipped Ashenzari.
Ashenzari was noncommittal.
You visited 2 branches of the dungeon, and saw 6 of its levels.

You collected 158 gold pieces.

Inventory:

Hand Weapons
 a - a +1 war axe (weapon)
Armour
 b - a +0 scale mail
 c - a +0 buckler (worn)
 j - a +0 pair of boots (worn)
 n - a +0 plate armour (worn)
 p - a +0 helmet (worn)
 q - a +2 leather armour of poison resistance
Jewellery
 h - a ring of flight (left hand)
 i - a +4 ring of slaying (right hand)
 t - a +6 ring of dexterity
Wands
 d - a wand of mindburst (3)
 o - a wand of quicksilver (3)
Scrolls
 g - a scroll of amnesia
 k - a scroll of vulnerability {unknown}
 l - a scroll of fear {unknown}
 m - a scroll of enchant weapon
 r - a scroll of teleportation
Potions
 e - a potion of mutation {unknown}
 f - a potion of haste
 s - a potion of brilliance {unknown}
 u - a potion of degeneration {unknown}


   Skills:
 + Level 5.5 Fighting
 + Level 7.7 Axes
 - Level 2.6 Armour
 - Level 2.6 Shields
 - Level 0.1 Evocations


You had 5 spell levels left.
You knew the following spells:

 Your Spells              Type           Power      Damage    Failure   Level
a - Wereblood             Tmut           0%         N/A       100%        2

Your spell library contained the following spells:

 Spells                   Type           Power      Damage    Failure   Level
 Sublimation of Blood     Necr           0%         N/A       100%        2
 Summon Hydra             Summ           0%         N/A       100%        7


Dungeon Overview and Level Annotations

Branches:
Dungeon (5/15)             Temple (1/1) D:4

Altars:
Ashenzari
Cheibriados
Dithmenos
Fedhas
Gozag
Hepliaklqana
Kikubaaqudgha
Makhleb
Nemelex Xobeh
Okawaru
Qazlal
Ru
Trog
Uskayaw
Vehumet
Wu Jian
Xom
Yredelemnul

Shops:
D:1 (

Annotations:
D:4 1 runed translucent door, melkoren's ghost, amateur MfIE


Innate Abilities, Weirdness & Mutations

You have an unusually large brain. (Int +2)
You have a sharp stinger which inflicts weakening toxins.


Message History

You barely miss something. Something hits you.
Something hits you but does no damage.
You hit something.
Reactivating autopickup.
You feel a bit more experienced.
You hit the orc. The orc barely misses you.
You barely miss the orc.
The orc is heavily wounded.
You barely miss the orc. The orc hits you but does no damage. x2
Unknown command.
You hit the orc.
The orc is moderately wounded.
You hit the orc but do no damage. You block the orc's attack. x2
The orc barely misses you.
Unknown command.
Unknown command.
The orc attacks as you move away! You block the orc's attack.
Something completely misses you.
Things that are here:
a +0 short sword; a +0 ring mail The orc is no longer weakened.
Deactivating autopickup; reactivate with Ctrl-A.
You closely miss something. Something hits you but does no damage.
You closely miss something.
Your tail-slap misses something.
Something hits you.
You slash something!
Reactivating autopickup.
You feel a bit more experienced.
You hit the orc.
You kill the orc!
You barely miss the ogre.
Your tail-slap misses the ogre.
The ogre barely misses you.
You slash the ogre!
The ogre is moderately wounded.
The ogre hits you with a +0 giant spiked club!!
Ouch! That really hurt!
* * * LOW HITPOINT WARNING * * *
You hit the ogre.
The ogre is moderately wounded.
The ogre hits you with a +0 giant spiked club!
You die...

###.#..# . ....... .#
..... ... .... ..##
#..#....#...
#)...##.......... #o#
#.......... #O#
#........>#
######@#####.........##
#......................
#......................
#..........#..........#
#..............####...#
#>.........##..........
#..........##.######...
#..........#### ####
#..........# ###


You could see an ogre and an orc.

Vanquished Creatures
  Sigmund (D:2)
  An ice beast (D:5)
  3 centaurs (D:4)
  A gnoll sergeant (D:3)
  A hound (D:5)
  A jelly (D:4)
  An orc priest (D:3)
  Jessica (D:2)
  Ijyb (D:3)
  Terence (D:2)
  5 orc wizards
  Robin (D:3)
  6 gnolls
  3 adders
  An ufetubus (D:4)
  2 worms
  4 dart slugs
  14 orcs
  6 endoplasms
  A giant cockroach (D:3)
  17 goblins
  14 hobgoblins
  6 quokkas
  14 ball pythons
  4 bats
  3 frilled lizards
  10 kobolds
  8 rats
131 creatures vanquished.

Vanquished Creatures (others)
  A hobgoblin (D:3)
1 creature vanquished.

Grand Total: 132 creatures vanquished

Notes
Turn   | Place    | Note
-------+----------+-------------------------------------------
     0 | D:1      | ytrimaz the Demonspawn Fighter began the quest for the Orb.
     0 | D:1      | Reached XP level 1. HP: 18/18 MP: 1/1
   204 | D:1      | Reached skill level 2 in Axes
   210 | D:1      | Gained mutation: You have a small tail. [demonic ancestry]
   210 | D:1      | Reached XP level 2. HP: 24/24 MP: 2/2
   448 | D:1      | Found Plog's Weapon Boutique.
   753 | D:1      | Reached XP level 3. HP: 30/30 MP: 3/3
  1262 | D:2      | Reached skill level 3 in Axes
  1446 | D:2      | Noticed Jessica
  1450 | D:2      | Killed Jessica
  1451 | D:2      | Gained mutation: You have a tail ending in a sharp stinger.
                  | [demonic ancestry]
  1451 | D:2      | Reached XP level 4. HP: 17/37 MP: 4/4
  1696 | D:2      | Noticed Sigmund
  1704 | D:2      | Killed Sigmund
  1705 | D:2      | Reached skill level 4 in Axes
  1705 | D:2      | Reached XP level 5. HP: 24/43 MP: 5/5
  1851 | D:2      | Noticed Terence
  1855 | D:2      | Killed Terence
  1856 | D:2      | Gained mutation: You have a sharp stinger which inflicts
                  | weakening toxins. [demonic ancestry]
  1856 | D:2      | Reached XP level 6. HP: 40/49 MP: 6/6
  2542 | D:2      | Reached skill level 5 in Axes
  2889 | D:3      | Noticed Robin
  2898 | D:3      | Killed Robin
  3012 | D:3      | Noticed Ijyb
  3027 | D:3      | Killed Ijyb
  3048 | D:3      | Reached skill level 6 in Axes
  3048 | D:3      | Reached XP level 7. HP: 19/55 MP: 7/7
  3976 | D:4      | Reached skill level 5 in Fighting
  3985 | D:4      | Reached skill level 7 in Axes
  4287 | D:4      | Found a staircase to the Ecumenical Temple.
  4309 | Temple   | Entered the Ecumenical Temple
  4619 | Temple   | Learned a level 2 spell: Wereblood
  4639 | Temple   | Became a worshipper of Ashenzari the Shackled
  4776 | D:4      | Found a runed translucent door.
  4776 | D:4      | Noticed melkoren's ghost (amateur MfIE)
  5023 | D:5      | Entered Level 5 of the Dungeon
  5034 | D:5      | Gained mutation: You have an unusually large brain. (Int
                  | +2) [demonic ancestry]
  5034 | D:5      | Reached XP level 8. HP: 63/63 MP: 8/8
  5086 | D:5      | Mangled by an ogre

Illustrated notes

Levels and vault maps discovered:
D:1:      evilmike_arrival_plus, layout_basic, serial_shops,
          nicolae_shop_statue_plus, hangedman_decor_growths, minmay_pentomino_s2
D:2:      layout_basic, uniq_terence, uniq_jessica, uniq_sigmund
D:3:      layout_loops_corners, lemuel_old_faithful, uniq_robin, uniq_ijyb
D:4:      layout_rooms, minmay_temple_entry_drinking_statues,
          gammafunk_ghost_grave, minmay_manual_mares
D:5:      layout_rooms
Temple:   regret_index_temple_sigil_plot

Skill      XL: |  1  2  3  4  5  6  7 |
---------------+----------------------+-----
Axes           | 2 3 4 6 7 |  7.7
Fighting       | 4 5 |  5.5
Armour         | |  2.6
Shields        | |  2.6
Evocations     | |  0.1

Action                   |  1- 3 |  4- 6 |  7- 9 || total
-------------------------+-------+-------+-------++-------
Melee: War axe           |    98 |    93 |    92 ||   283
       Tailslap          |     7 |     9 |    13 ||    29
Evoke: Wand              |       |       |     2 ||     2
  Use: Scroll            |     4 |     1 |     1 ||     6
       Potion            |       |     7 |       ||     7
Armor: Scale mail        |    40 |    24 |       ||    64
       Skin              |       |    11 |     1 ||    12
       Leather armour    |       |    10 |    23 ||    33
       Plate armour      |       |       |    21 ||    21
Dodge: Dodged            |    39 |    39 |    44 ||   122
Block: Buckler           |    18 |    17 |    23 ||    58

Table legend: (Time is in decaauts)
 A = Elapsed time spent in this place.
 B = Non-inter-level travel time spent in this place.
 C = Inter-level travel time spent in this place.
 D = Time resting spent in this place.
 E = Time spent auto-exploring this place.
 F = Levels seen in this place.
 G = Mean time per level.
                   A        B        C        D        E       F      G
               +--------+--------+--------+--------+--------+-----+--------+
         Total |   5180 |   4946 |    234 |     27 |   4002 |   6 |  863.3 |
       Dungeon |   4824 |   4614 |    210 |     27 |   3756 |   5 |  964.8 |
        Temple |    355 |    331 |     24 |      0 |    246 |   1 |  355.0 |
               +--------+--------+--------+--------+--------+-----+--------+

Top non-repeatable levels by time:
     D:3: 1365 daAuts
     D:2: 1359 daAuts
     D:1: 1295 daAuts
     D:4: 735 daAuts
  Temple: 355 daAuts
     D:5: 67 daAuts
